TOP OF THE 1ST |
Minnesota Loons batting - Pitching for Crescent City Krewe : LHP Horace Hill
|
Pitching: LHP Horace Hill
|
|
Batting: RHB Michael Stark
|
0-0: Ball 1-0: Foul Ball, location: 2F 1-1: Swinging Strike 1-2: Foul Ball, location: 2F 1-2: Ball 2-2: Fly out, F4 (Line Drive, 34D, EV 73.8 MPH)
|
Batting: SHB Bill Spillman
|
0-0: Ground out 6-3 (Groundball, 6, EV 88.8 MPH)
|
Batting: RHB Stephan Tietmeyer
|
0-0: Called Strike 0-1: Called Strike 0-2: Strikes out looking
|
Top of the 1st over - 0 runs, 0 hits, 0 errors, 0 left on base; Minnesota 0 - Crescent City 0 |
BOTTOM OF THE 1ST |
Crescent City Krewe batting - Pitching for Minnesota Loons : RHP Ashley Remington
|
Pitching: RHP Ashley Remington
|
|
Batting: SHB Kevin Swanson
|
0-0: Ball 1-0: Ball 2-0: Called Strike 2-1: Ball 3-1: Called Strike 3-2: Strikes out swinging
|
Batting: LHB Artie Cook
|
0-0: Ball 1-0: SINGLE (Line Drive, 6D, EV 93.8 MPH)
|
Batting: LHB José Hernández
|
0-0: Ball 1-0: Called Strike 1-1: Ground out 4-3 (Groundball, 4S, EV 68.8 MPH) Artie Cook to second
|
Batting: LHB Liam Hunt
|
0-0: Ball 1-0: Ball 2-0: Foul Ball, location: 2F 2-1: Ball 3-1: Foul Ball, location: 2F 3-2: Foul Ball, location: 2F 3-2: SINGLE (Groundball, 34D, EV 98.1 MPH) Artie Cook to third Runner from 3rd tries for Home, SAFE, throw by RF to home
|
Batting: LHB Keng-chi Zhou
|
0-0: Ball 1-0: Ball 2-0: Ball 3-0: Base on Balls Liam Hunt to second
|
Batting: RHB Steve Goodnight
|
0-0: Ball 1-0: Called Strike 1-1: Swinging Strike 1-2: Fly out, F6 (Popup, 6M, EV 68.8 MPH)
|
Bottom of the 1st over - 1 run, 2 hits, 0 errors, 2 left on base; Minnesota 0 - Crescent City 1 |
TOP OF THE 2ND |
Minnesota Loons batting - Pitching for Crescent City Krewe : LHP Horace Hill
|
Batting: RHB César García
|
0-0: Called Strike 0-1: Swinging Strike 0-2: Ground out 6-3 (Groundball, 6, EV 97.5 MPH)
|
Batting: RHB Jorge Gavilanes
|
0-0: Ball 1-0: Fly out, F8 (Line Drive, 89D, EV 90.6 MPH)
|
Batting: LHB Alberto Montés
|
0-0: Called Strike 0-1: Ball 1-1: Swinging Strike 1-2: Strikes out swinging, 2-3 out at first.
|
Top of the 2nd over - 0 runs, 0 hits, 0 errors, 0 left on base; Minnesota 0 - Crescent City 1 |
BOTTOM OF THE 2ND |
Crescent City Krewe batting - Pitching for Minnesota Loons : RHP Ashley Remington
|
Batting: LHB Ed Mooney
|
0-0: Ball 1-0: Ball 2-0: Fly out, F8 (Flyball, 8LD, EV 93.1 MPH)
|
Batting: RHB Derek Davidson
|
0-0: Called Strike 0-1: Reached on error, E5 (Groundball, 56S, EV 70.6 MPH)
|
Batting: RHB John Helms
|
0-0: SINGLE (Groundball, 5S, EV 61.2 MPH) (infield hit) Derek Davidson to second
|
Batting: SHB Kevin Swanson
|
0-0: Foul Ball, location: 2F 0-1: Ball 1-1: Swinging Strike 1-2: Ball 2-2: Foul Ball, location: 2F 2-2: Foul Ball, location: 2F 2-2: Ball 3-2: Foul Ball, location: 2F 3-2: Foul Ball, location: 2F 3-2: DOUBLE (Line Drive, 78XD, EV 102.5 MPH) Derek Davidson scores John Helms to third
|
Batting: LHB Artie Cook
|
0-0: Swinging Strike 0-1: Ball 1-1: Ball 2-1: Ball 3-1: Foul Ball, location: 2F 3-2: Ground out 6-3 (Groundball, 6MS, EV 71.9 MPH) John Helms scores Kevin Swanson to third
|
Batting: LHB José Hernández
|
0-0: Ball 1-0: Ball 2-0: Ball 3-0: Called Strike 3-1: Foul Ball, location: 2F 3-2: Ground out U3 (Groundball, 34S, EV 80.0 MPH)
|
Bottom of the 2nd over - 2 runs, 2 hits, 1 error, 1 left on base; Minnesota 0 - Crescent City 3 |
TOP OF THE 3RD |
Minnesota Loons batting - Pitching for Crescent City Krewe : LHP Horace Hill
|
Batting: RHB Zi-xing Juan
|
0-0: Foul Ball, location: 2F 0-1: Ball 1-1: Foul Ball, location: 2F 1-2: Foul Ball, location: 2F 1-2: Strikes out swinging
|
Batting: RHB Javier Alejo
|
0-0: Ball 1-0: SINGLE (Groundball, 6D, EV 102.5 MPH)
|
Batting: SHB Leonard Sexton
|
0-0: Called Strike 0-1: Foul Ball, location: 2F 0-2: Strikes out swinging
|
Batting: RHB Michael Stark
|
0-0: Ball 1-0: Ball 2-0: Ball Wild Pitch! Javier Alejo to second 3-0: Base on Balls
|
Batting: SHB Bill Spillman
|
0-0: Called Strike 0-1: Fielders Choice at 2nd, 6-4 (Groundball, 6, EV 81.2 MPH)
|
Top of the 3rd over - 0 runs, 1 hit, 0 errors, 2 left on base; Minnesota 0 - Crescent City 3 |
BOTTOM OF THE 3RD |
Crescent City Krewe batting - Pitching for Minnesota Loons : RHP Ashley Remington
|
Batting: LHB Liam Hunt
|
0-0: SOLO HOME RUN (Flyball, 9D, EV 96.2 MPH), Distance : 370 ft
|
Batting: LHB Keng-chi Zhou
|
0-0: Ball 1-0: Ball 2-0: Ball 3-0: Called Strike 3-1: Foul Ball, location: 2F 3-2: Ground out 4-3 (Groundball, 4, EV 111.2 MPH)
|
Batting: RHB Steve Goodnight
|
0-0: Ball 1-0: Ball 2-0: Called Strike 2-1: Swinging Strike 2-2: SINGLE (Flyball, 89S, EV 91.9 MPH)
|
Batting: LHB Ed Mooney
|
0-0: Called Strike 0-1: Fielders Choice at 2nd, 4-6 (Groundball, 4, EV 81.9 MPH)
|
Batting: RHB Derek Davidson
|
0-0: Called Strike 0-1: Ball 1-1: Ball 2-1: Called Strike 2-2: Ground out 4-3 (Groundball, 34, EV 110.0 MPH)
|
Bottom of the 3rd over - 1 run, 2 hits, 0 errors, 1 left on base; Minnesota 0 - Crescent City 4 |
TOP OF THE 4TH |
Minnesota Loons batting - Pitching for Crescent City Krewe : LHP Horace Hill
|
Batting: RHB Stephan Tietmeyer
|
0-0: Called Strike 0-1: Ground out 3-1 (Groundball, 34, EV 91.9 MPH)
|
Batting: RHB César García
|
0-0: Ball 1-0: Ground out 6-3 (Groundball, 6, EV 85.6 MPH)
|
Batting: RHB Jorge Gavilanes
|
0-0: Ball 1-0: Ground out 6-3 (Groundball, 6M, EV 80.0 MPH)
|
Top of the 4th over - 0 runs, 0 hits, 0 errors, 0 left on base; Minnesota 0 - Crescent City 4 |
BOTTOM OF THE 4TH |
Crescent City Krewe batting - Pitching for Minnesota Loons : RHP Ashley Remington
|
Batting: RHB John Helms
|
0-0: Called Strike 0-1: Fly out, F6 (Line Drive, 6M, EV 66.9 MPH)
|
Batting: SHB Kevin Swanson
|
0-0: Swinging Strike 0-1: Ball 1-1: Fly out, F7 (Flyball, 7LM, EV 90.6 MPH)
|
Batting: LHB Artie Cook
|
0-0: Ball 1-0: Ground out 4-3 (Groundball, 4MD, EV 103.1 MPH)
|
Bottom of the 4th over - 0 runs, 0 hits, 0 errors, 0 left on base; Minnesota 0 - Crescent City 4 |
TOP OF THE 5TH |
Minnesota Loons batting - Pitching for Crescent City Krewe : LHP Horace Hill
|
Batting: LHB Alberto Montés
|
0-0: Ground out 4-3 (Groundball, 4, EV 99.4 MPH)
|
Batting: RHB Zi-xing Juan
|
0-0: Foul Ball, location: 2F 0-1: Ball 1-1: Ball 2-1: Foul Ball, location: 2F 2-2: Ball 3-2: Fly out, F7 (Flyball, 7S, EV 89.4 MPH)
|
Batting: RHB Javier Alejo
|
0-0: Called Strike 0-1: Ball 1-1: Ball 2-1: Ball 3-1: Fly out, F7 (Flyball, 7, EV 88.8 MPH)
|
Top of the 5th over - 0 runs, 0 hits, 0 errors, 0 left on base; Minnesota 0 - Crescent City 4 |
BOTTOM OF THE 5TH |
Crescent City Krewe batting - Pitching for Minnesota Loons : RHP Ashley Remington
|
Batting: LHB José Hernández
|
0-0: SINGLE (Groundball, 23, EV 65.0 MPH) (infield hit)
|
Batting: LHB Liam Hunt
|
0-0: Ball 1-0: Foul Ball, location: 2F 1-1: Foul Ball, location: 2F 1-2: Ball 2-2: Fly out, F8 (Flyball, 8RM, EV 91.9 MPH)
|
Batting: LHB Keng-chi Zhou
|
0-0: Foul Ball, location: 2F 0-1: Ball 1-1: Ground out 4-3 (Groundball, 34S, EV 84.4 MPH) José Hernández to second
|
Batting: RHB Steve Goodnight
|
0-0: Ball 1-0: SINGLE (Groundball, 6, EV 96.2 MPH) José Hernández to third Runner from 3rd tries for Home, SAFE, throw by CF to home
|
Batting: LHB Ed Mooney
|
0-0: Called Strike 0-1: Ground out 4-3 (Groundball, 4, EV 93.8 MPH)
|
Bottom of the 5th over - 1 run, 2 hits, 0 errors, 1 left on base; Minnesota 0 - Crescent City 5 |
TOP OF THE 6TH |
Minnesota Loons batting - Pitching for Crescent City Krewe : LHP Horace Hill
|
Batting: SHB Leonard Sexton
|
0-0: Ball 1-0: Called Strike 1-1: Called Strike 1-2: Strikes out looking
|
Batting: RHB Michael Stark
|
0-0: Swinging Strike 0-1: Ground out 5-3 (Groundball, 56, EV 84.4 MPH)
|
Batting: SHB Bill Spillman
|
0-0: Ball 1-0: Foul Ball, location: 2F 1-1: Foul Ball, location: 2F 1-2: Strikes out swinging, 2-3 out at first.
|
Top of the 6th over - 0 runs, 0 hits, 0 errors, 0 left on base; Minnesota 0 - Crescent City 5 |
BOTTOM OF THE 6TH |
Crescent City Krewe batting - Pitching for Minnesota Loons : RHP Ashley Remington
|
Batting: RHB Derek Davidson
|
0-0: Ball 1-0: Ball 2-0: Called Strike 2-1: Swinging Strike 2-2: Ball 3-2: Foul Ball, location: 2F 3-2: Strikes out swinging
|
Pitching: RHP Christian Adams
|
|
Batting: RHB John Helms
|
0-0: Ball 1-0: Ball 2-0: Called Strike 2-1: Called Strike 2-2: SINGLE (Groundball, 6D, EV 95.6 MPH)
|
Batting: SHB Kevin Swanson
|
0-0: SINGLE (Groundball, 4MD, EV 107.5 MPH) John Helms to second
|
Batting: LHB Artie Cook
|
0-0: Called Strike 0-1: Ball 1-1: Ball 2-1: Foul Ball, location: 2F 2-2: Foul Ball, location: 2F 2-2: SINGLE (Line Drive, 8LS, EV 105.6 MPH) John Helms to third Kevin Swanson to second
|
Batting: LHB José Hernández
|
0-0: Grounds into double play, 4-6-3 (Groundball, 4, EV 106.9 MPH)
|
Bottom of the 6th over - 0 runs, 3 hits, 0 errors, 2 left on base; Minnesota 0 - Crescent City 5 |
TOP OF THE 7TH |
Minnesota Loons batting - Pitching for Crescent City Krewe : LHP Horace Hill
|
Batting: RHB Stephan Tietmeyer
|
0-0: Called Strike 0-1: Foul Ball, location: 2F 0-2: Ball 1-2: Foul Ball, location: 2F 1-2: Ground out 5-3 (Groundball, 56S, EV 87.5 MPH)
|
Batting: RHB César García
|
0-0: Called Strike 0-1: Called Strike 0-2: Ground out 6-3 (Groundball, 6, EV 106.9 MPH)
|
Batting: RHB Jorge Gavilanes
|
0-0: Ball 1-0: Swinging Strike 1-1: Foul Ball, location: 2F 1-2: Ball 2-2: Ground out 6-3 (Groundball, 56D, EV 80.0 MPH)
|
Top of the 7th over - 0 runs, 0 hits, 0 errors, 0 left on base; Minnesota 0 - Crescent City 5 |
BOTTOM OF THE 7TH |
Crescent City Krewe batting - Pitching for Minnesota Loons : RHP Christian Adams
|
Batting: LHB Liam Hunt
|
0-0: Ball 1-0: Foul Ball, location: 2F 1-1: Swinging Strike 1-2: Ball 2-2: SOLO HOME RUN (Flyball, 9LD, EV 93.1 MPH), Distance : 343 ft
|
Batting: LHB Keng-chi Zhou
|
0-0: Ball 1-0: Called Strike 1-1: SINGLE (Line Drive, 4MD, EV 95.6 MPH)
|
Batting: RHB Steve Goodnight
|
0-0: Foul Ball, location: 2F 0-1: Foul Ball, location: 2F 0-2: Foul Ball, location: 2F 0-2: Strikes out swinging
|
Batting: LHB Ed Mooney
|
0-0: Ball 1-0: Foul Ball, location: 2F 1-1: DOUBLE (Line Drive, 7LM, EV 100.0 MPH) Keng-chi Zhou to third Runner from 3rd tries for Home, SAFE, throw by LF to home
|
Batting: RHB Derek Davidson
|
0-0: Swinging Strike 0-1: Called Strike 0-2: Foul Ball, location: 2F 0-2: Ball 1-2: SINGLE (Line Drive, 9S, EV 106.2 MPH) Ed Mooney to third Runner from 3rd tries for Home, SAFE, throw by RF to home
|
Batting: RHB John Helms
|
0-0: Swinging Strike 0-1: Ball 1-1: SINGLE (Groundball, P, EV 87.5 MPH) (infield hit) Derek Davidson to second
|
Batting: SHB Kevin Swanson
|
0-0: Ball 1-0: Ball 2-0: Foul Ball, location: 2F 2-1: Ball 3-1: Grounds into double play, 4-6-3 (Groundball, 4, EV 82.5 MPH)
|
Bottom of the 7th over - 3 runs, 5 hits, 0 errors, 1 left on base; Minnesota 0 - Crescent City 8 |
TOP OF THE 8TH |
Minnesota Loons batting - Pitching for Crescent City Krewe : LHP Horace Hill
|
Pinch Hitting: LHB Ju-ho Hwang
|
0-0: Called Strike 0-1: Ball 1-1: SINGLE (Groundball, 6MS, EV 70.0 MPH) (infield hit)
|
Batting: RHB Zi-xing Juan
|
0-0: Foul Ball, location: 2F 0-1: Ball 1-1: Ball 2-1: Fielders Choice at 2nd, 6-4 (Groundball, 6, EV 86.2 MPH)
|
Batting: RHB Javier Alejo
|
0-0: Ball 1-0: Ball 2-0: SINGLE (Line Drive, 4D, EV 96.9 MPH) Zi-xing Juan to second
|
Pinch Hitting: RHB George Jones
|
0-0: Called Strike 0-1: Foul Ball, location: 2F 0-2: SINGLE (Groundball, 6MD, EV 106.2 MPH) Zi-xing Juan to third Javier Alejo to second Runner from 3rd tries for Home, SAFE, throw by CF to home
|
Batting: RHB Michael Stark
|
0-0: Called Strike 0-1: Ball 1-1: DOUBLE (Line Drive, 3D, EV 101.9 MPH) Javier Alejo scores George Jones to third
|
Pitching: RHP Jeff Martin
|
|
Batting: SHB Bill Spillman
|
0-0: Foul Ball, location: 2F 0-1: Ball 1-1: Swinging Strike 1-2: Ground out 4-3 (Groundball, 4M, EV 85.6 MPH) George Jones scores Michael Stark to third
|
Batting: RHB Stephan Tietmeyer
|
0-0: Ball 1-0: Ball 2-0: Ball 3-0: Base on Balls
|
Batting: RHB César García
|
0-0: Fly out, F7 (Flyball, 7S, EV 83.1 MPH)
|
Top of the 8th over - 3 runs, 4 hits, 0 errors, 2 left on base; Minnesota 3 - Crescent City 8 |
BOTTOM OF THE 8TH |
Crescent City Krewe batting - Pitching for Minnesota Loons : RHP Christian Adams
|
Now at 1B: Shane Burge
|
|
Now in CF: Ju-ho Hwang
|
|
Batting: LHB Artie Cook
|
0-0: Swinging Strike 0-1: Called Strike 0-2: Foul Ball, location: 2F 0-2: Ball 1-2: Ball 2-2: Ground out U3 (Groundball, 3L, EV 82.5 MPH)
|
Batting: LHB José Hernández
|
0-0: Called Strike 0-1: Swinging Strike 0-2: Ball 1-2: Strikes out swinging
|
Batting: LHB Liam Hunt
|
0-0: Foul Ball, location: 2F 0-1: Ball 1-1: Ball 2-1: Ball 3-1: Foul Ball, location: 2F 3-2: Fly out, F7 (Flyball, 78D, EV 90.6 MPH)
|
Bottom of the 8th over - 0 runs, 0 hits, 0 errors, 0 left on base; Minnesota 3 - Crescent City 8 |
TOP OF THE 9TH |
Minnesota Loons batting - Pitching for Crescent City Krewe : RHP Jeff Martin
|
Batting: RHB Jorge Gavilanes
|
0-0: Ball 1-0: Foul Ball, location: 2F 1-1: Foul Ball, location: 2F 1-2: Strikes out swinging
|
Batting: LHB Ju-ho Hwang
|
0-0: Called Strike 0-1: Called Strike 0-2: Strikes out looking
|
Batting: RHB Zi-xing Juan
|
0-0: Ball 1-0: Swinging Strike 1-1: Called Strike 1-2: Ball 2-2: Strikes out looking
|
Top of the 9th over - 0 runs, 0 hits, 0 errors, 0 left on base; Minnesota 3 - Crescent City 8 |
|